 Dungeon Crawl Stone Soup version 0.19.0-9-gfd783f2 (webtiles) character file.

376 Inkary the Firebug (level 6, 0/39 HPs)
             Began as a High Elf Fire Elementalist on Nov 7, 2016.
             Slain by a bullfrog zombie (4 damage)
             ... on level 5 of the Dungeon.
             The game lasted 00:19:39 (5110 turns).

Inkary the Firebug (High Elf Fire Elementalist)     Turns: 5110, Time: 00:19:40

Health: 0/39       AC:  2    Str:  7    XL:     6   Next: 44%
Magic:  10/13      EV: 13    Int: 20    God:
Gold:   146        SH:  0    Dex: 17    Spells: 4 memorised, 4 levels left

rFire  . . .     SeeInvis .     y - +4 Vampire's Tooth {vamp}
rCold  . . .     Gourm    .     a - +0 robe
rNeg   . . .     Faith    .     (no shield)
rPois  .         Spirit   .     (no helmet)
rElec  .         Reflect  .     (no cloak)
rCorr  .         Harm     .     (no gloves)
MR     .....                    (no boots)
Stlth  ++........               (no amulet)
                                (no ring)
                                (no ring)

@: no status effects
A: no striking features
a: no special abilities


You were on level 5 of the Dungeon.
You were hungry.

You visited 1 branch of the dungeon, and saw 5 of its levels.

You collected 146 gold pieces.

Inventory:

Hand Weapons
 y - the +4 Vampire's Tooth (weapon) {vamp}
   (You found it on level 4 of the Dungeon)

   It inflicts no extra harm, but heals its wielder when it wounds a living foe.
Armour
 a - a +0 robe (worn)
Jewellery
 g - a +3 ring of intelligence {unknown}
Wands
 r - a wand of iceblast (0/15)
 u - a wand of heal wounds (1/9)
Scrolls
 e - a scroll of fog {unknown}
 h - a scroll of noise {unknown}
 o - a scroll of blinking {unknown}
 p - a scroll of remove curse
 t - 2 scrolls of identify
 v - 2 scrolls of enchant weapon {unknown}
Potions
 d - a potion of cure mutation
 i - a potion of resistance
 j - a potion of might {unknown}
 l - 2 potions of agility
 m - a potion of berserk rage {unknown}
 n - 2 potions of cancellation
 q - a potion of flight {unknown}
 s - a potion of brilliance {unknown}
 w - a potion of curing {unknown}
Books
 b - a book of Flames

   Spells                             Type                      Level
   a - Flame Tongue                   Conjuration/Fire             1
   b - Throw Flame                    Conjuration/Fire             2
   c - Conjure Flame                  Conjuration/Fire             3
   d - Inner Flame                    Hexes/Fire                   3
   e - Sticky Flame                   Conjuration/Fire             4
   f - Fireball                       Conjuration/Fire             5
Comestibles
 c - 4 bread rations
 f - 3 meat rations
 k - a chunk of flesh


   Skills:
 + Level 2.2 Fighting
 * Level 0.8 Short Blades
 - Level 2.1 Dodging
 + Level 3.2 Stealth
 - Level 4.3 Spellcasting
 - Level 3.5 Conjurations
 - Level 4.4 Fire Magic


You had 4 spell levels left.
You knew the following spells:

 Your Spells              Type           Power        Failure   Level  Hunger
a - Flame Tongue          Conj/Fire      ###..        2%          1    None
b - Conjure Flame         Conj/Fire      ###.....     10%         3    ###....
c - Inner Flame           Hex/Fire       ##......     17%         3    ###....
d - Throw Flame           Conj/Fire      ###...       3%          2    #......


Dungeon Overview and Level Annotations

Branches:
Dungeon (5/15)             Temple (0/1) D:5

Altars:
Trog

Annotations:
D:3 HungrySpirit's ghost, amateur GrFi


Message History

The bullfrog zombie hits you.
* * * LOW HITPOINT WARNING * * *
Casting: Flame Tongue
Confirm with . or Enter, or press ? or * to list all spells.
Aiming: Flame Tongue
Press: ? - help, Shift-Dir - straight line, f/p - bullfrog zombie
Aim: a bullfrog zombie (moderately damaged)
The flame tongue hits the bullfrog zombie.
The bullfrog zombie is heavily damaged.
The bullfrog zombie hits you.
* * * LOW HITPOINT WARNING * * *
Casting: Flame Tongue
Confirm with . or Enter, or press ? or * to list all spells.
Aiming: Flame Tongue
Press: ? - help, Shift-Dir - straight line, f/p - bullfrog zombie
Aim: a bullfrog zombie (heavily damaged)
The flame tongue hits the bullfrog zombie.
The bullfrog zombie is severely damaged.
The bullfrog zombie hits you.
You die...

......./..##.#
..........##.#
..........##.#
..........##.#
..........##.#
..........##.#
......†...##.#
..........##@#
..........##Z#
..>........#h# #
............h###..##
...................#..#
###
##.#.####....####..#..#
...
#...#.............#..#....
#####.....#######.#..#.. .
#.....#.. ......# #.


You could see a bullfrog zombie and 2 jackals.

Vanquished Creatures
  2 vampire bats (D:4)
  A howler monkey (D:4)
  2 orc priests
  An orc wizard (D:4)
  2 worker ants
  An adder (D:2)
  3 oozes (D:1)
  5 worms (D:2)
  A dart slug (D:1)
  11 orcs
  A ball python (D:2)
  3 giant cockroaches
  7 goblins
  3 hobgoblins
  3 jackals (D:5)
  6 kobolds
  6 quokkas
  15 bats
  8 frilled lizards
  10 rats
91 creatures vanquished.

Notes
Turn   | Place    | Note
-------+----------+-------------------------------------------
     0 | D:1      | Inkary the High Elf Fire Elementalist began the quest for the Orb.
     0 | D:1      | Reached XP level 1. HP: 11/11 MP: 4/4
   224 | D:1      | Reached XP level 2. HP: 17/17 MP: 2/6
   918 | D:1      | Reached XP level 3. HP: 19/21 MP: 4/8
  1032 | D:2      | Learned a level 3 spell: Conjure Flame
  1036 | D:2      | Learned a level 3 spell: Inner Flame
  1139 | D:1      | HP: 1/21 [quokka (3)]
  1679 | D:2      | Reached XP level 4. HP: 27/27 MP: 5/9
  1699 | D:2      | Noticed a moth of wrath
  1701 | D:2      | Found a bloodstained altar of Trog.
  2110 | D:3      | Noticed HungrySpirit's ghost (amateur GrFi)
  2300 | D:2      | Learned a level 2 spell: Throw Flame
  3305 | D:2      | Reached skill level 1 in Fighting
  4166 | D:4      | Reached XP level 5. HP: 16/33 MP: 0/11
  4581 | D:4      | Reached XP level 6. HP: 31/39 MP: 0/13
  5010 | D:5      | Entered Level 5 of the Dungeon
  5090 | D:5      | Found a staircase to the Ecumenical Temple.
  5110 | D:5      | Slain by a bullfrog zombie

Skill      XL: |  1  2  3  4  5 |
---------------+----------------+-----
Spellcasting   | 3 4 |  4.3
Conjurations   | 2 3 |  3.5
Stealth        | 3 |  3.2
Fighting       | 1 2 |  2.2
Fire Magic     | 4 |  4.4
Short Blades   | |  0.8
Dodging        | |  2.1

Action                   |  1- 3 |  4- 6 || total
-------------------------+-------+-------++-------
Melee: Unarmed           |    28 |    32 ||    60
       Dagger            |       |    42 ||    42
 Cast: Flame Tongue      |    72 |    72 ||   144
       Inner Flame       |     1 |       ||     1
       Throw Flame       |       |    43 ||    43
       Conjure Flame     |       |     2 ||     2
Evoke: Wand              |       |     1 ||     1
  Use: Scroll            |       |     5 ||     5
 Stab: Sleeping          |       |     3 ||     3
  Eat: Chunk             |     2 |    10 ||    12
       Royal jelly       |       |     1 ||     1
       Fruit             |       |     4 ||     4
       Pizza             |       |     1 ||     1
Armor: Robe              |    14 |    20 ||    34
Dodge: Dodged            |    40 |    85 ||   125
